 Dungeon Crawl Stone Soup version 0.17.1-1-g73c8601 (webtiles) character file.

91 PossumBlood the Slasher (level 4, 0/39 HPs)
             Began as a Minotaur Fighter on Jan 7, 2016.
             Slain by a gnoll
             ... wielding a +0 spear
              (7 damage)
             ... on level 2 of the Dungeon.
             The game lasted 00:02:48 (1158 turns).

PossumBlood the Slasher (Minotaur Fighter)          Turns: 1158, Time: 00:02:48

Health: 0/39       AC:  6    Str: 27    XL:     4   Next: 34%
Magic:  3/3        EV:  7    Int:  9    God:
Gold:   99         SH: 10    Dex:  9    Spells: 0 memorised, 3 levels left

rFire  . . .     SeeInvis .     a - +0 long sword
rCold  . . .     Clarity  .     b - +0 scale mail
rNeg   . . .     SustAt   .     c - +0 shield
rPois  .         Gourm    .     (helmet restricted)
rElec  .         Spirit   .     (no cloak)
rCorr  .         Warding  .     (no gloves)
rMut   +         Stasis   .     (no boots)
MR     .....                    l - amulet of resist mutation
Stlth  ..........               (no ring)
                                h - +4 ring of intelligence

@: mighty, not resistant to hostile enchantments, extremely unstealthy
A: retaliatory headbutt, horns 2
a: no special abilities


You were on level 2 of the Dungeon.
You were not hungry.

You visited 1 branch of the dungeon, and saw 2 of its levels.

You collected 99 gold pieces.

Inventory:

Hand Weapons
 a - a +0 long sword (weapon)
Armour
 b - a +0 scale mail (worn)
 c - a +0 shield (worn)
 j - a +0 large shield
Jewellery
 h - a +4 ring of intelligence (left hand)
 l - an amulet of resist mutation (around neck)
Scrolls
 f - 7 scrolls of identify {unknown}
 g - a scroll of amnesia {unknown}
 i - 2 scrolls of remove curse {unknown}
 k - a scroll of random uselessness {unknown}
 m - a scroll of blinking {unknown}
Potions
 d - a potion of might
Comestibles
 e - a bread ration
 n - 2 chunks of flesh


   Skills:
 - Level 3.6 Fighting
 * Level 5.6 Long Blades
 - Level 3.6 Armour
 - Level 3.6 Shields


You had 3 spell levels left.
You didn't know any spells.

Dungeon Overview and Level Annotations

Branches:
Dungeon (2/15)

Altars:
Vehumet


Innate Abilities, Weirdness & Mutations

You reflexively headbutt those who attack you in melee.
You have a pair of horns on your head.


Message History

You slash the gnoll!
You kill the gnoll!
The gnoll hits you but does no damage. The kobold hits you with a club.
* * * LOW HITPOINT WARNING * * *
The giant cockroach barely misses you. You block the gnoll's attack.
The kobold barely misses you.
You barely miss the kobold. The kobold barely misses you.
You barely miss the kobold. Your headbutt misses the kobold.
The kobold hits you but does no damage.
You hit the kobold.
You kill the kobold!
You slash the giant cockroach!
You kill the giant cockroach!
The gnoll hits you from afar with a spear.
* * * LOW HITPOINT WARNING * * *
The gnoll closely misses you.
You see here a club.
You closely miss the gnoll. Your headbutt misses the gnoll.
The gnoll hits you with a spear!
You die...

#......†###.#........ #.......#
#.#........ #.......#
#.#.<.$.... #.......#
#.#........ #.......#
#.#........ ##.######
#.#))......
#.########.#....%...
#.#........#g######.
#.#.########@# .#
#.#.###......### ###.#
###.......................[
#..>............#######.#.#
#.#.#.#.#.......## #.#.#
#.#.#.#.#.....#..# #.#.#
#.#.#.#.#####)#..######.#.#####
#.#............<..#.......##...
#.##...########...#.......((.).


You could see a gnoll.

Vanquished Creatures
  3 adders (D:2)
  2 gnolls (D:2)
  2 giant cockroaches
  9 goblins
  7 hobgoblins
  5 jackals
  A ball python (D:1)
  5 bats
  6 giant newts
  6 kobolds
  5 rats
51 creatures vanquished.

Notes
Turn   | Place    | Note
--------------------------------------------------------------
     0 | D:1      | PossumBlood the Minotaur Fighter began the quest for the Orb.
     0 | D:1      | Reached XP level 1. HP: 19/19 MP: 0/0
   192 | D:1      | Reached XP level 2. HP: 26/26 MP: 1/1
   436 | D:1      | Reached skill level 4 in Long Blades
   735 | D:2      | Reached XP level 3. HP: 31/31 MP: 2/2
  1006 | D:2      | Found a radiant altar of Vehumet.
  1010 | D:2      | Reached skill level 5 in Long Blades
  1137 | D:2      | Reached XP level 4. HP: 39/39 MP: 3/3
  1158 | D:2      | Slain by a gnoll

Action                   |  1- 3 |  4- 6 || total
-------------------------+-------+-------++-------
Melee: Long sword        |   101 |    16 ||   117
  Use: Potion            |       |     1 ||     1
  Eat: Chunk             |     1 |       ||     1
